Login

Giants vs Mongoloids

Created - November 12, 2023 at 11:46

Goals
1 2 3 T
Giants 0 2 1 3
Mongoloids 0 0 0 0
Shots
1 2 3 T
Giants 5 6 15 26
Mongoloids 3 7 7 17

GoalsPenalties
1st period
No Goal
Michael Matheson (ULA) for Roughing (Minor) at 10:10
2nd period
1. Giants , Kevin Fiala 1 (Tyler Toffoli 2) at 5:10
2. Giants , Alexander Romanov 1 (Joel Edmundson 1, Timo Meier 3) at 10:55
Brent Burns (ULA) for High sticking (Minor) at 2:58
David Perron (ULA) for Roughing (Minor) at 19:08
3rd period
3. Giants , Nikita Kucherov 5 (Sidney Crosby 5, Alex Pietrangelo 3) at 7:23
No Penalty
Goalie Stats
Juuse Saros (ULS), 17 saves from 17 shots - (1.000), W, 7-2-0, 60:00 minutes
Thatcher Demko (ULA), 23 saves from 26 shots - (0.885), L, 1-7-2, 60:00 minutes
3 StarsOfficial
1 - Juuse Saros (ULS)
2 - Alexander Romanov (ULS)
3 - Kevin Fiala (ULS)
Referees : Unknown
Linesman : Unknown
Game Note
No Game Note
Finance
Level 1 -- Attendance: 4146 (69.10%) -- Ticket Income $414,600
Level 2 -- Attendance: 3460 (69.20%) -- Ticket Income $207,600
Level 3 -- Attendance: 1667 (83.35%) -- Ticket Income $58,345
Level 4 -- Attendance: 3092 (77.30%) -- Ticket Income $77,300
Luxury Box -- Attendance: 958 (95.80%) -- Ticket Income $191,600
Game was played at the The Yurt.
Total Attendance: 13323 (74.02%)
Total Ticket Income: $949,445
Other Income: $379,778
Total Income: $1,329,223



Team Name Goals Shots Shots Attemp Shots Blocked PIM HIT PP PK FO%
Giants 3264570190 / 3 (0%)056%
Mongoloids 0174056230 / 0 (0.00%044%

Giants
Player Name POS G A P +/- PIM HIT SHT SB MP PP MP PP SHT PK MP PK SHT FO% FOT
Adam FoxD0000001121:543:4010:0000% 0
Alex OvechkinLW/RW0000033017:532:1710:0000% 1
Alex PietrangeloD0111000222:122:1700:0000% 0
Alexander RomanovD1012011115:540:0000:0000% 0
Chandler StephensonC/LW0000001015:360:0000:00053% 17
El Burrito PeligrosoC/RW0000031022:412:1700:0000% 1
Filip ForsbergC/LW/RW0001012019:443:4000:0000% 0
Jake EvansC/RW000100107:280:0000:00033% 6
Joel EdmundsonD0112001215:540:0000:0000% 0
Kevin FialaLW/RW1012001015:080:0000:0000% 1
Mario FerraroD0001030018:172:1700:0000% 0
Moritz SeiderD0000020125:493:4000:0000% 0
Nikita KucherovRW1011006022:113:4020:0000% 0
Sidney CrosbyC0111024019:443:4010:00074% 23
Timo MeierLW/RW0111012014:550:0000:0000% 2
Tyler ToffoliLW/RW011101007:280:0000:000100% 1
Vincent TrocheckC0001022017:122:1700:00057% 14
Zach WhitecloudD000000000:000:0000:0000% 0
Mongoloids
Player Name POS G A P +/- PIM HIT SHT SB MP PP MP PP SHT PK MP PK SHT FO% FOT
Austin WatsonLW/RW000-1011016:320:0000:0000% 0
Brayden McNabbD0000010018:520:0002:3400% 0
Brent BurnsD000-2200114:390:0000:0000% 0
Cal ClutterbuckRW000-1000016:320:0000:0000% 1
David PerronLW/RW000-1211017:510:0000:0000% 0
Dillon DubeC/RW000-1012016:320:0000:00047% 15
Drake BathersonLW/RW0000000016:040:0002:1000% 0
Evgeni MalkinC000-1014023:090:0003:47042% 26
J.T. MillerC/LW000-1072020:190:0002:10145% 22
John TavaresC/LW000-1032123:260:0003:470100% 1
Jonathan MarchessaultLW/RW000-1000018:090:0000:0000% 1
Markus NiemelainenD000-100008:000:0000:0000% 0
Mattias EkholmD0000000218:280:0003:2300% 0
Michael MathesonD0000222017:240:0002:2010% 0
Ondrej PalatLW000-101205:280:0000:0000% 0
Rasmus AnderssonD000-2031115:430:0001:0300% 0
Ryan LindgrenD000-100008:000:0000:0000% 0
Tyrian LannisterD0000020018:520:0002:3400% 0

Giants

5 vs 5 Forward
Line #Left WingCenterRight WingPHYDFOFWanted %Time %Time Play
1Filip ForsbergSidney CrosbyNikita Kucherov1223130%16:04
2Alex OvechkinChandler StephensonEl Burrito Peligroso1222929%15:36
3Kevin FialaVincent TrocheckTimo Meier1222728%14:55
4Tyler ToffoliJake EvansEl Burrito Peligroso1221314%7:28
5 vs 5 Defense
Line #DefenseDefensePHYDFOFWanted %Time %Time Play
1Moritz SeiderAdam Fox1223030%16:27
2Mario FerraroAlex Pietrangelo1222830%16:00
3Alexander RomanovJoel Edmundson1222629%15:54
4Moritz SeiderAlex Pietrangelo1221611%5:42
Power Play Forward
Line #Left WingCenterRight WingPHYDFOFWanted %Time %Time Play
1Filip ForsbergSidney CrosbyNikita Kucherov1225562%3:40
2Alex OvechkinVincent TrocheckEl Burrito Peligroso1224538%2:17
Power Play Defense
Line #DefenseDefensePHYDFOFWanted %Time %Time Play
1Moritz SeiderAdam Fox1225562%3:40
2Mario FerraroAlex Pietrangelo1224538%2:17
Penalty Kill 4 Players Forward
Line #CenterWingPHYDFOFWanted %Time %Time Play
1Sidney CrosbyChandler Stephenson122550%0:00
2Vincent TrocheckJake Evans122450%0:00
Penalty Kill 4 Players Defense
Line #DefenseDefensePHYDFOFWanted %Time %Time Play
1Moritz SeiderAlexander Romanov122550%0:00
2Mario FerraroAlex Pietrangelo122450%0:00
Penalty Kill 3 Players
Line #WingPHYDFOFWanted %Time %Time PlayDefenseDefensePHYDFOFWanted %Time %Time Play
1Chandler Stephenson122550%0:00 Moritz SeiderAlexander Romanov122550%0:00
2Vincent Trocheck122450%0:00 Mario FerraroAlex Pietrangelo122450%0:00
4 vs 4 Forward
Line #CenterWingPHYDFOFWanted %Time %Time Play
1Sidney CrosbyNikita Kucherov122550%0:00
2Chandler StephensonEl Burrito Peligroso122450%0:00
4 vs 4 Defense
Line #DefensePHYDFOFWanted %Time %Time Play
1Moritz SeiderAdam Fox122550%0:00
2Mario FerraroAlex Pietrangelo122450%0:00
Last Minutes Offensive
Left WingCenterRight WingDefenseDefense
Alex OvechkinSidney CrosbyNikita KucherovMoritz SeiderAdam Fox
Last Minutes Defensive
Left WingCenterRight WingDefenseDefense
Alex OvechkinSidney CrosbyJake EvansMoritz SeiderAlexander Romanov
Time
Total ForwardTotal DefenseLast Minutes OffensiveLast Minutes Defensive
60:00 60:00 0:000:00
Extra Forwards
Normal PowerPlayPenalty Kill
Kevin Fiala, Alex Ovechkin, Timo MeierKevin Fiala, Filip ForsbergKevin Fiala
Extra Defensemen
Normal PowerPlayPenalty Kill
Alexander Romanov, Adam Fox, Zach WhitecloudAlexander Romanov, Alexander RomanovAdam Fox
Penalty Shots
Nikita Kucherov, Alex Ovechkin, Sidney Crosby, El Burrito Peligroso, Adam Fox
Goalie
Juuse Saros, Pyotr Kochetkov
Custom OT Lines Forwards
Nikita Kucherov, Alex Ovechkin, Sidney Crosby, El Burrito Peligroso, Kevin Fiala, Filip Forsberg, Timo Meier, Tyler Toffoli, Vincent Trocheck, Chandler Stephenson
Custom OT Lines Defensemen
Moritz Seider, Adam Fox, Mario Ferraro, Alex Pietrangelo, Alexander Romanov
Scratches
Barrett Hayton (Healthy), Alexandre Carrier (Healthy), Taylor Raddysh (Healthy)

Mongoloids

5 vs 5 Forward
Line #Left WingCenterRight WingPHYDFOFWanted %Time %Time Play
1John TavaresEvgeni MalkinDrake Batherson1223026%13:54
2David PerronJ.T. MillerJonathan Marchessault1222834%18:09
3Austin WatsonDillon DubeCal Clutterbuck1222631%16:32
4Ondrej PalatEvgeni MalkinJohn Tavares1221610%5:28
5 vs 5 Defense
Line #DefenseDefensePHYDFOFWanted %Time %Time Play
1Tyrian LannisterBrayden McNabb1223030%16:18
2Michael MathesonMattias Ekholm1222828%15:05
3Brent BurnsRasmus Andersson1222627%14:40
4Ryan LindgrenMarkus Niemelainen1221615%8:00
Power Play Forward
Line #Left WingCenterRight WingPHYDFOFWanted %Time %Time Play
1John TavaresEvgeni MalkinDrake Batherson122550%0:00
2David PerronJ.T. MillerJonathan Marchessault122450%0:00
Power Play Defense
Line #DefenseDefensePHYDFOFWanted %Time %Time Play
1Tyrian LannisterBrayden McNabb122550%0:00
2Michael MathesonMattias Ekholm122450%0:00
Penalty Kill 4 Players Forward
Line #CenterWingPHYDFOFWanted %Time %Time Play
1Evgeni MalkinJohn Tavares1225564%3:47
2J.T. MillerDrake Batherson1224536%2:10
Penalty Kill 4 Players Defense
Line #DefenseDefensePHYDFOFWanted %Time %Time Play
1Tyrian LannisterBrayden McNabb1225543%2:34
2Michael MathesonMattias Ekholm1224557%3:23
Penalty Kill 3 Players
Line #WingPHYDFOFWanted %Time %Time PlayDefenseDefensePHYDFOFWanted %Time %Time Play
1Evgeni Malkin122550%0:00 Tyrian LannisterBrayden McNabb122550%0:00
2John Tavares122450%0:00 Michael MathesonMattias Ekholm122450%0:00
4 vs 4 Forward
Line #CenterWingPHYDFOFWanted %Time %Time Play
1Evgeni MalkinJohn Tavares122550%0:00
2J.T. MillerDrake Batherson122450%0:00
4 vs 4 Defense
Line #DefensePHYDFOFWanted %Time %Time Play
1Tyrian LannisterBrayden McNabb122550%0:00
2Michael MathesonMattias Ekholm122450%0:00
Last Minutes Offensive
Left WingCenterRight WingDefenseDefense
John TavaresEvgeni MalkinDrake BathersonTyrian LannisterBrayden McNabb
Last Minutes Defensive
Left WingCenterRight WingDefenseDefense
John TavaresEvgeni MalkinDrake BathersonTyrian LannisterBrayden McNabb
Time
Total ForwardTotal DefenseLast Minutes OffensiveLast Minutes Defensive
60:00 60:00 0:000:00
Extra Forwards
Normal PowerPlayPenalty Kill
Austin Watson, Cal Clutterbuck, Ondrej PalatAustin Watson, Cal ClutterbuckOndrej Palat
Extra Defensemen
Normal PowerPlayPenalty Kill
Brent Burns, Rasmus Andersson, Ryan LindgrenBrent Burns, Rasmus AnderssonRyan Lindgren
Penalty Shots
Evgeni Malkin, John Tavares, J.T. Miller, Drake Batherson, David Perron
Goalie
Thatcher Demko, Jaroslav Halak
Custom OT Lines Forwards
Evgeni Malkin, John Tavares, J.T. Miller, Drake Batherson, David Perron, Jonathan Marchessault, Austin Watson, Cal Clutterbuck, Ondrej Palat, Dillon Dube
Custom OT Lines Defensemen
Tyrian Lannister, Brayden McNabb, Michael Matheson, Mattias Ekholm, Brent Burns
Scratches
Scott Wedgewood (Healthy)


Play-by-Play

1st period


0:01 of 1st period - Evgeni Malkin wins face-off versus Sidney Crosby in neutral zone.
0:39 of 1st period - Shot by Filip Forsberg.
0:39 of 1st period - Shot Blocked by John Tavares.
1:42 of 1st period - Shot by J.T. Miller.
1:42 of 1st period - Shot Misses the Net.
3:36 of 1st period - Icing by Evgeni Malkin.
3:37 of 1st period - Jake Evans wins face-off versus Evgeni Malkin in Mongoloids zone.
4:17 of 1st period - Ryan Lindgren is hit by Tyler Toffoli and loses puck.
4:42 of 1st period - Shot by Vincent Trocheck.
4:42 of 1st period - Stopped by Thatcher Demko without a rebound.
4:43 of 1st period - J.T. Miller wins face-off versus Chandler Stephenson in Mongoloids zone.
4:55 of 1st period - Icing by Alex Ovechkin.
4:56 of 1st period - Chandler Stephenson wins face-off versus Cal Clutterbuck in Giants zone.
4:58 of 1st period - Icing by El Burrito Peligroso.
4:59 of 1st period - Dillon Dube wins face-off versus Chandler Stephenson in Giants zone.
5:34 of 1st period - Shot by Alex Ovechkin.
5:34 of 1st period - Deflect By Chandler Stephenson.
5:34 of 1st period - Stopped by Thatcher Demko without a rebound.
5:35 of 1st period - Vincent Trocheck wins face-off versus J.T. Miller in Mongoloids zone.
5:47 of 1st period - Icing by Timo Meier.
5:48 of 1st period - Vincent Trocheck wins face-off versus J.T. Miller in Giants zone.
5:52 of 1st period - Icing by Vincent Trocheck.
5:53 of 1st period - J.T. Miller wins face-off versus Vincent Trocheck in Giants zone.
6:45 of 1st period - Icing by Kevin Fiala.
6:46 of 1st period - Vincent Trocheck wins face-off versus Evgeni Malkin in Giants zone.
6:46 of 1st period - Vincent Trocheck is hit by John Tavares.
8:17 of 1st period - Icing by Brent Burns.
8:18 of 1st period - Dillon Dube wins face-off versus Sidney Crosby in Mongoloids zone.
8:18 of 1st period - Dillon Dube is hit by Sidney Crosby.
8:33 of 1st period - Sidney Crosby is hit by J.T. Miller and loses puck.
8:37 of 1st period - Nikita Kucherov is hit by J.T. Miller.
8:46 of 1st period - J.T. Miller is hit by Alexander Romanov and loses puck.
9:35 of 1st period - Shot by Drake Batherson.
9:35 of 1st period - Shot Misses the Net.
9:41 of 1st period - Shot by John Tavares.
9:41 of 1st period - Stopped by Juuse Saros without a rebound.
9:42 of 1st period - Dillon Dube wins face-off versus Jake Evans in Giants zone.
9:50 of 1st period - Icing by Moritz Seider.
9:51 of 1st period - Jake Evans wins face-off versus Evgeni Malkin in Giants zone.
9:51 of 1st period - Jake Evans is hit by Ondrej Palat.
10:10 of 1st period - Minor Penalty to Michael Matheson for Roughing.
10:11 of 1st period - Sidney Crosby wins face-off versus Evgeni Malkin in Mongoloids zone.
10:20 of 1st period - Shot by Adam Fox.
10:20 of 1st period - Stopped by Thatcher Demko with a rebound.
10:22 of 1st period - Shot by Adam Fox.
10:22 of 1st period - Shot Misses the Net.
10:24 of 1st period - Shot by Nikita Kucherov.
10:24 of 1st period - Stopped by Thatcher Demko without a rebound.
10:25 of 1st period - J.T. Miller wins face-off versus Vincent Trocheck in Mongoloids zone.
10:25 of 1st period - J.T. Miller is hit by El Burrito Peligroso.
10:41 of 1st period - Shot by Alex Ovechkin.
10:41 of 1st period - Shot Misses the Net.
10:58 of 1st period - Vincent Trocheck is hit by Tyrian Lannister and loses puck.
11:35 of 1st period - Shot by Nikita Kucherov.
11:35 of 1st period - Stopped by Thatcher Demko without a rebound.
11:36 of 1st period - Sidney Crosby wins face-off versus J.T. Miller in Mongoloids zone.
12:31 of 1st period - Shot by Dillon Dube.
12:31 of 1st period - Stopped by Juuse Saros without a rebound.
12:32 of 1st period - John Tavares wins face-off versus Chandler Stephenson in Giants zone.
12:43 of 1st period - Shot by John Tavares.
12:43 of 1st period - Stopped by Juuse Saros with a rebound.
12:51 of 1st period - Shot by Evgeni Malkin.
12:51 of 1st period - Shot Misses the Net.
12:53 of 1st period - Shot by Ondrej Palat.
12:53 of 1st period - Shot Misses the Net.
14:22 of 1st period - Shot by Nikita Kucherov.
14:22 of 1st period - Deflect By Sidney Crosby.
14:22 of 1st period - Shot Misses the Net.
14:45 of 1st period - Shot by Nikita Kucherov.
14:45 of 1st period - Shot Misses the Net.
15:25 of 1st period - Vincent Trocheck is hit by Rasmus Andersson and loses puck.
15:39 of 1st period - Vincent Trocheck is hit by Rasmus Andersson and loses puck.
17:17 of 1st period - Shot by Tyrian Lannister.
17:17 of 1st period - Shot Blocked by Moritz Seider.
17:29 of 1st period - Shot by J.T. Miller.
17:29 of 1st period - Shot Misses the Net.
18:19 of 1st period - Dillon Dube is hit by Mario Ferraro and loses puck.
19:09 of 1st period - Off-side.
19:10 of 1st period - Chandler Stephenson wins face-off versus J.T. Miller in neutral zone.
19:13 of 1st period - Shot by El Burrito Peligroso.
19:13 of 1st period - Shot Misses the Net.
19:21 of 1st period - Shot by El Burrito Peligroso.
19:21 of 1st period - Shot Misses the Net.
19:42 of 1st period - Shot by El Burrito Peligroso.
19:42 of 1st period - Shot Blocked by Brent Burns.
Goals for this period are 0 for Giants vs 0 for Mongoloids.
Shots for this period are 5 for Giants vs 3 for Mongoloids.

2nd period


0:01 of 2nd period - Sidney Crosby wins face-off versus Evgeni Malkin in neutral zone.
0:10 of 2nd period - Shot by Drake Batherson.
0:10 of 2nd period - Shot Blocked by Alex Pietrangelo.
0:40 of 2nd period - Evgeni Malkin is hit by Moritz Seider and loses puck.
0:56 of 2nd period - Icing by Tyrian Lannister.
0:57 of 2nd period - Chandler Stephenson wins face-off versus Dillon Dube in Mongoloids zone.
2:20 of 2nd period - Off-side.
2:21 of 2nd period - Sidney Crosby wins face-off versus Evgeni Malkin in neutral zone.
2:46 of 2nd period - Moritz Seider is hit by John Tavares and loses puck.
2:50 of 2nd period - Icing by Moritz Seider.
2:51 of 2nd period - Sidney Crosby wins face-off versus J.T. Miller in Giants zone.
2:51 of 2nd period - Sidney Crosby is hit by David Perron.
2:58 of 2nd period - Minor Penalty to Brent Burns for High sticking.
2:59 of 2nd period - Evgeni Malkin wins face-off versus Alex Ovechkin in Mongoloids zone.
2:59 of 2nd period - Evgeni Malkin is hit by Alex Ovechkin.
3:15 of 2nd period - Shot by Alex Ovechkin.
3:15 of 2nd period - Stopped by Thatcher Demko without a rebound.
3:16 of 2nd period - Sidney Crosby wins face-off versus Evgeni Malkin in Mongoloids zone.
3:31 of 2nd period - Shot by Adam Fox.
3:31 of 2nd period - Shot Misses the Net.
4:15 of 2nd period - Shot by Alex Pietrangelo.
4:15 of 2nd period - Deflect By El Burrito Peligroso.
4:15 of 2nd period - Shot Blocked by Mattias Ekholm.
4:17 of 2nd period - Shot by Mario Ferraro.
4:17 of 2nd period - Shot Misses the Net.
5:10 of 2nd period - Shot by Kevin Fiala.
5:10 of 2nd period - Goal by Kevin Fiala - Giants : 1 - Mongoloids : 0.
5:11 of 2nd period - Vincent Trocheck wins face-off versus J.T. Miller in neutral zone.
5:19 of 2nd period - Icing by Brayden McNabb.
5:20 of 2nd period - J.T. Miller wins face-off versus Jake Evans in Mongoloids zone.
5:56 of 2nd period - Shot by J.T. Miller.
5:56 of 2nd period - Stopped by Juuse Saros without a rebound.
5:57 of 2nd period - Sidney Crosby wins face-off versus Dillon Dube in Giants zone.
5:57 of 2nd period - Sidney Crosby is hit by Dillon Dube.
6:28 of 2nd period - Sidney Crosby is hit by Rasmus Andersson and loses puck.
6:35 of 2nd period - Shot by Sidney Crosby.
6:35 of 2nd period - Stopped by Thatcher Demko without a rebound.
6:36 of 2nd period - Evgeni Malkin wins face-off versus Kevin Fiala in Mongoloids zone.
6:51 of 2nd period - Moritz Seider is hit by Evgeni Malkin and loses puck.
7:48 of 2nd period - Chandler Stephenson is hit by J.T. Miller.
7:57 of 2nd period - Off-side.
7:58 of 2nd period - Sidney Crosby wins face-off versus Dillon Dube in neutral zone.
8:19 of 2nd period - Shot by Dillon Dube.
8:19 of 2nd period - Shot Blocked by Alex Pietrangelo.
9:47 of 2nd period - Shot by Ondrej Palat.
9:47 of 2nd period - Stopped by Juuse Saros with a rebound.
9:49 of 2nd period - Shot by John Tavares.
9:49 of 2nd period - Shot Misses the Net.
9:51 of 2nd period - Shot by Ondrej Palat.
9:51 of 2nd period - Stopped by Juuse Saros with a rebound.
9:57 of 2nd period - Shot by Evgeni Malkin.
9:57 of 2nd period - Shot Misses the Net.
10:41 of 2nd period - Shot by Kevin Fiala.
10:41 of 2nd period - Shot Blocked by Rasmus Andersson.
10:43 of 2nd period - Shot by Joel Edmundson.
10:43 of 2nd period - Shot Misses the Net.
10:45 of 2nd period - Shot by Joel Edmundson.
10:45 of 2nd period - Shot Misses the Net.
10:51 of 2nd period - Shot by Timo Meier.
10:51 of 2nd period - Shot Misses the Net.
10:53 of 2nd period - Shot by Joel Edmundson.
10:53 of 2nd period - Stopped by Thatcher Demko with a rebound.
10:55 of 2nd period - Shot by Alexander Romanov.
10:55 of 2nd period - Goal by Alexander Romanov - Giants : 2 - Mongoloids : 0.
10:56 of 2nd period - Sidney Crosby wins face-off versus Dillon Dube in neutral zone.
11:00 of 2nd period - Sidney Crosby is hit by Michael Matheson and loses puck.
11:25 of 2nd period - Shot by Austin Watson.
11:25 of 2nd period - Deflect By Dillon Dube.
11:25 of 2nd period - Stopped by Juuse Saros without a rebound.
11:26 of 2nd period - J.T. Miller wins face-off versus Timo Meier in Giants zone.
12:14 of 2nd period - Jonathan Marchessault is hit by Vincent Trocheck and loses puck.
13:08 of 2nd period - Michael Matheson is hit by Vincent Trocheck and loses puck.
13:54 of 2nd period - Icing by Moritz Seider.
13:55 of 2nd period - Evgeni Malkin wins face-off versus Sidney Crosby in Giants zone.
14:35 of 2nd period - Drake Batherson is hit by Mario Ferraro.
15:02 of 2nd period - David Perron is hit by Mario Ferraro and loses puck.
15:33 of 2nd period - Shot by Jake Evans.
15:33 of 2nd period - Stopped by Thatcher Demko without a rebound.
15:34 of 2nd period - Sidney Crosby wins face-off versus Evgeni Malkin in Mongoloids zone.
15:34 of 2nd period - Adam Fox is hit by Tyrian Lannister and loses puck.
15:57 of 2nd period - Icing by Brayden McNabb.
15:58 of 2nd period - Evgeni Malkin wins face-off versus Jake Evans in Mongoloids zone.
15:58 of 2nd period - Evgeni Malkin is hit by El Burrito Peligroso.
18:32 of 2nd period - Icing by Alex Pietrangelo.
18:33 of 2nd period - Evgeni Malkin wins face-off versus Chandler Stephenson in Giants zone.
19:04 of 2nd period - Shot by Evgeni Malkin.
19:04 of 2nd period - Deflect By Drake Batherson.
19:04 of 2nd period - Shot Misses the Net.
19:06 of 2nd period - Shot by John Tavares.
19:06 of 2nd period - Deflect By Evgeni Malkin.
19:06 of 2nd period - Stopped by Juuse Saros without a rebound.
19:07 of 2nd period - Vincent Trocheck wins face-off versus J.T. Miller in Giants zone.
19:07 of 2nd period - Vincent Trocheck is hit by J.T. Miller.
19:08 of 2nd period - Minor Penalty to David Perron for Roughing.
19:09 of 2nd period - Evgeni Malkin wins face-off versus Sidney Crosby in Mongoloids zone.
19:09 of 2nd period - Evgeni Malkin is hit by Sidney Crosby.
19:16 of 2nd period - Icing by Adam Fox.
19:17 of 2nd period - Sidney Crosby wins face-off versus Evgeni Malkin in Giants zone.
19:32 of 2nd period - Shot by Adam Fox.
19:32 of 2nd period - Shot Misses the Net.
19:39 of 2nd period - Icing by Adam Fox.
19:40 of 2nd period - J.T. Miller wins face-off versus Sidney Crosby in Giants zone.
19:55 of 2nd period - Shot by J.T. Miller.
19:55 of 2nd period - Stopped by Juuse Saros with a rebound.
19:57 of 2nd period - Shot by Michael Matheson.
19:57 of 2nd period - Stopped by Juuse Saros without a rebound.
19:58 of 2nd period - Evgeni Malkin wins face-off versus Vincent Trocheck in Giants zone.
Goals for this period are 2 for Giants vs 0 for Mongoloids.
Shots for this period are 6 for Giants vs 7 for Mongoloids.

3rd period


0:01 of 3rd period - Sidney Crosby wins face-off versus Evgeni Malkin in neutral zone.
0:40 of 3rd period - Shot by Sidney Crosby.
0:40 of 3rd period - Stopped by Thatcher Demko without a rebound.
0:41 of 3rd period - J.T. Miller wins face-off versus El Burrito Peligroso in Mongoloids zone.
1:05 of 3rd period - Alex Ovechkin is hit by Michael Matheson and loses puck.
1:58 of 3rd period - Icing by Joel Edmundson.
1:59 of 3rd period - Tyler Toffoli wins face-off versus Jonathan Marchessault in Giants zone.
1:59 of 3rd period - Tyler Toffoli is hit by J.T. Miller.
2:29 of 3rd period - Shot by Jonathan Marchessault.
2:29 of 3rd period - Shot Misses the Net.
2:50 of 3rd period - Alex Pietrangelo is hit by John Tavares and loses puck.
3:00 of 3rd period - Drake Batherson is hit by Moritz Seider and loses puck.
3:17 of 3rd period - Shot by Drake Batherson.
3:17 of 3rd period - Deflect By John Tavares.
3:17 of 3rd period - Shot Misses the Net.
3:23 of 3rd period - Shot by Michael Matheson.
3:23 of 3rd period - Stopped by Juuse Saros without a rebound.
3:24 of 3rd period - Vincent Trocheck wins face-off versus Dillon Dube in Giants zone.
3:52 of 3rd period - Icing by Moritz Seider.
3:53 of 3rd period - J.T. Miller wins face-off versus Vincent Trocheck in Giants zone.
4:01 of 3rd period - Off-side.
4:02 of 3rd period - Sidney Crosby wins face-off versus Evgeni Malkin in neutral zone.
4:15 of 3rd period - Shot by Sidney Crosby.
4:15 of 3rd period - Stopped by Thatcher Demko with a rebound.
4:48 of 3rd period - Drake Batherson is hit by Filip Forsberg and loses puck.
5:20 of 3rd period - Chandler Stephenson is hit by J.T. Miller and loses puck.
5:29 of 3rd period - Shot by El Burrito Peligroso.
5:29 of 3rd period - Stopped by Thatcher Demko without a rebound.
5:30 of 3rd period - Vincent Trocheck wins face-off versus Dillon Dube in Mongoloids zone.
6:09 of 3rd period - Shot by Rasmus Andersson.
6:09 of 3rd period - Stopped by Juuse Saros without a rebound.
6:10 of 3rd period - J.T. Miller wins face-off versus Chandler Stephenson in Giants zone.
7:23 of 3rd period - Shot by Nikita Kucherov.
7:23 of 3rd period - Goal by Nikita Kucherov - Giants : 3 - Mongoloids : 0.
7:24 of 3rd period - Evgeni Malkin wins face-off versus Timo Meier in neutral zone.
7:31 of 3rd period - Shot by Drake Batherson.
7:31 of 3rd period - Deflect By John Tavares.
7:31 of 3rd period - Shot Blocked by Adam Fox.
7:33 of 3rd period - Shot by Evgeni Malkin.
7:33 of 3rd period - Stopped by Juuse Saros without a rebound.
7:34 of 3rd period - Dillon Dube wins face-off versus Vincent Trocheck in Giants zone.
7:37 of 3rd period - Shot by Dillon Dube.
7:37 of 3rd period - Deflect By Cal Clutterbuck.
7:37 of 3rd period - Shot Misses the Net.
8:09 of 3rd period - Shot by Timo Meier.
8:09 of 3rd period - Stopped by Thatcher Demko without a rebound.
8:10 of 3rd period - Sidney Crosby wins face-off versus Evgeni Malkin in Mongoloids zone.
8:13 of 3rd period - Shot by Sidney Crosby.
8:13 of 3rd period - Shot Misses the Net.
8:26 of 3rd period - Shot by Evgeni Malkin.
8:26 of 3rd period - Stopped by Juuse Saros with a rebound.
9:12 of 3rd period - Shot by David Perron.
9:12 of 3rd period - Stopped by Juuse Saros without a rebound.
9:13 of 3rd period - Dillon Dube wins face-off versus Chandler Stephenson in Giants zone.
9:19 of 3rd period - Icing by Moritz Seider.
9:20 of 3rd period - Chandler Stephenson wins face-off versus Dillon Dube in Giants zone.
10:11 of 3rd period - Icing by Adam Fox.
10:12 of 3rd period - Chandler Stephenson wins face-off versus Evgeni Malkin in Giants zone.
10:31 of 3rd period - Shot by Evgeni Malkin.
10:31 of 3rd period - Stopped by Juuse Saros without a rebound.
10:32 of 3rd period - Sidney Crosby wins face-off versus J.T. Miller in Giants zone.
10:54 of 3rd period - Filip Forsberg is hit by Brayden McNabb and loses puck.
10:59 of 3rd period - Shot by Filip Forsberg.
10:59 of 3rd period - Stopped by Thatcher Demko with a rebound.
11:40 of 3rd period - Icing by Mattias Ekholm.
11:41 of 3rd period - Evgeni Malkin wins face-off versus Chandler Stephenson in Mongoloids zone.
11:41 of 3rd period - Evgeni Malkin is hit by Alex Ovechkin.
11:51 of 3rd period - Icing by Michael Matheson.
11:52 of 3rd period - Evgeni Malkin wins face-off versus Vincent Trocheck in Mongoloids zone.
12:02 of 3rd period - Shot by Evgeni Malkin.
12:02 of 3rd period - Shot Blocked by Joel Edmundson.
12:24 of 3rd period - Shot by Timo Meier.
12:24 of 3rd period - Shot Blocked by Mattias Ekholm.
12:44 of 3rd period - Mattias Ekholm is hit by Alex Ovechkin and loses puck.
13:29 of 3rd period - Icing by Rasmus Andersson.
13:30 of 3rd period - Dillon Dube wins face-off versus Sidney Crosby in Mongoloids zone.
14:07 of 3rd period - Shot by Nikita Kucherov.
14:07 of 3rd period - Stopped by Thatcher Demko without a rebound.
14:08 of 3rd period - Vincent Trocheck wins face-off versus J.T. Miller in Mongoloids zone.
14:21 of 3rd period - Shot by Kevin Fiala.
14:21 of 3rd period - Deflect By Timo Meier.
14:21 of 3rd period - Stopped by Thatcher Demko without a rebound.
14:22 of 3rd period - Chandler Stephenson wins face-off versus J.T. Miller in Mongoloids zone.
14:23 of 3rd period - Shot by Alex Ovechkin.
14:23 of 3rd period - Stopped by Thatcher Demko without a rebound.
14:24 of 3rd period - Chandler Stephenson wins face-off versus J.T. Miller in Mongoloids zone.
14:56 of 3rd period - Shot by Alex Ovechkin.
14:56 of 3rd period - Stopped by Thatcher Demko with a rebound.
15:18 of 3rd period - Icing by John Tavares.
15:19 of 3rd period - Sidney Crosby wins face-off versus Evgeni Malkin in Mongoloids zone.
15:30 of 3rd period - Shot by Filip Forsberg.
15:30 of 3rd period - Stopped by Thatcher Demko with a rebound.
15:53 of 3rd period - Shot by Evgeni Malkin.
15:53 of 3rd period - Shot Misses the Net.
16:15 of 3rd period - Mario Ferraro is hit by Austin Watson and loses puck.
16:32 of 3rd period - Shot by Timo Meier.
16:32 of 3rd period - Deflect By Vincent Trocheck.
16:32 of 3rd period - Stopped by Thatcher Demko without a rebound.
16:33 of 3rd period - J.T. Miller wins face-off versus Jake Evans in Mongoloids zone.
17:43 of 3rd period - Shot by John Tavares.
17:43 of 3rd period - Shot Misses the Net.
17:54 of 3rd period - Michael Matheson is hit by Timo Meier and loses puck.
18:21 of 3rd period - Shot by Cal Clutterbuck.
18:21 of 3rd period - Shot Misses the Net.
18:23 of 3rd period - Shot by Austin Watson.
18:23 of 3rd period - Shot Blocked by Joel Edmundson.
18:25 of 3rd period - Shot by Rasmus Andersson.
18:25 of 3rd period - Shot Misses the Net.
18:27 of 3rd period - Shot by Austin Watson.
18:27 of 3rd period - Shot Blocked by Alexander Romanov.
18:29 of 3rd period - Shot by Rasmus Andersson.
18:29 of 3rd period - Shot Misses the Net.
18:31 of 3rd period - Shot by Austin Watson.
18:31 of 3rd period - Stopped by Juuse Saros without a rebound.
18:32 of 3rd period - Dillon Dube wins face-off versus Chandler Stephenson in Giants zone.
18:38 of 3rd period - Icing by Adam Fox.
18:39 of 3rd period - Chandler Stephenson wins face-off versus J.T. Miller in Giants zone.
19:04 of 3rd period - Shot by Chandler Stephenson.
19:04 of 3rd period - Shot Misses the Net.
19:24 of 3rd period - Adam Fox is hit by J.T. Miller and loses puck.
19:28 of 3rd period - Icing by Moritz Seider.
19:29 of 3rd period - Chandler Stephenson wins face-off versus Evgeni Malkin in Giants zone.
19:36 of 3rd period - Tyrian Lannister is hit by El Burrito Peligroso and loses puck.
19:47 of 3rd period - Shot by Nikita Kucherov.
19:47 of 3rd period - Stopped by Thatcher Demko with a rebound.
19:49 of 3rd period - Shot by Nikita Kucherov.
19:49 of 3rd period - Stopped by Thatcher Demko without a rebound.
19:50 of 3rd period - Sidney Crosby wins face-off versus Dillon Dube in Mongoloids zone.
19:55 of 3rd period - Shot by Filip Forsberg.
19:55 of 3rd period - Deflect By Sidney Crosby.
19:55 of 3rd period - Stopped by Thatcher Demko with a rebound.
Goals for this period are 1 for Giants vs 0 for Mongoloids.
Shots for this period are 15 for Giants vs 7 for Mongoloids.